 Dungeon Crawl Stone Soup version 0.31-a0-986-g5e6e4ef867 (webtiles) character file.

Game seed: 10286896020084252287

28831 pokeman the Eclecticist (level 13, -5/72 HPs)
             Began as a Deep Elf Hedge Wizard on Nov 7, 2023.
             Was a High Priest of Vehumet.
             Slain by Agnes
             ... wielding a +2 lajatang of speed
              (22 damage)
             ... on level 14 of the Dungeon.
             The game lasted 00:50:08 (15213 turns).

pokeman the Eclecticist (Deep Elf Hedge Wizard)    Turns: 15213, Time: 00:50:10

Health: -5/72      AC: 12    Str:  7    XL:     13   Next: 11%
Magic:  3/37       EV: 13    Int: 31    God:    Vehumet [*****.]
Gold:   768        SH:  0    Dex: 17    Spells: 14/48 levels left

rFire   . . .        h - +5 short sword "Naduaces" {venom, Dex+3}
rCold   . . .        (no shield)
rNeg    . . .        I - +2 leather armour {rPois}
rPois   +            L - +0 helmet
rElec   .            S - scarf {repulsion}
rCorr   .            U - +0 pair of gloves
SInv    .            (no boots)
Will    +....        q - amulet of regeneration
Stlth   ++           R - +6 ring of intelligence
HPRegen 1.12/turn    E - +4 ring of protection
MPRegen 0.25/turn

%: repel missiles
@: no status effects
A: no striking features
a: Renounce Religion


You were on level 14 of the Dungeon.
You worshipped Vehumet.
Vehumet was extremely pleased with you.
You visited 2 branches of the dungeon, and saw 15 of its levels.
You also visited: Gauntlet.

You collected 804 gold pieces.
You spent 36 gold pieces at shops.

Inventory:

Hand Weapons
 h - the +5 short sword "Naduaces" (weapon) {venom, Dex+3}
   (You found it on level 2 of the Dungeon)

   Dex+3:     It affects your dexterity (+3).
Missiles
 P - a curare-tipped dart
Armour
 I - a +2 leather armour of poison resistance (worn)
 L - a +0 helmet (worn)
 S - a scarf of repulsion (worn)
 U - a +0 pair of gloves (worn)
 V - a +0 buckler
Magical Staves
 x - a staff of poison
Jewellery
 c - an amulet of guardian spirit
 e - a ring of protection from cold
 q - an amulet of regeneration (around neck)
 E - a +4 ring of protection (right hand)
 M - a ring of flight
 R - a +6 ring of intelligence (left hand)
 W - a ring of protection from fire
Wands
 b - a wand of mindburst (17)
 z - a wand of light (9)
 J - a wand of paralysis (3)
Scrolls
 i - 7 scrolls of teleportation
 k - 3 scrolls of blinking
 Y - 2 scrolls of brand weapon
Potions
 a - 6 potions of curing
 d - 2 potions of magic
 f - a potion of cancellation
 v - a potion of ambrosia {unknown}
 B - a potion of heal wounds {unknown}
 D - a potion of resistance {unknown}
 N - a potion of degeneration {unknown}
Miscellaneous
 O - a phial of floods


   Skills:
 - Level 5.0 Fighting
 - Level 5.2 Armour
 - Level 4.0 Dodging
 - Level 3.0 Stealth
 + Level 3.2 Shields
 * Level 18.4 Spellcasting
 + Level 11.0 Conjurations
 - Level 1.1 Summonings
 - Level 5.0 Necromancy
 - Level 1.1 Translocations
 + Level 9.4 Fire Magic
 - Level 1.2 Air Magic
 - Level 2.0 Earth Magic
 - Level 1.3 Poison Magic
 - Level 1.0 Evocations


You had 14 spell levels left.
You knew the following spells:

 Your Spells              Type           Power      Damage    Failure   Level
a - Magic Dart            Conj           100%       1d8       0%          1
b - Mephitic Cloud        Conj/Pois/Air  54%        N/A       1%          3
c - Call Imp              Summ           70%        N/A       1%          2
d - Blink                 Tloc           70%        N/A       1%          2
e - Foxfire               Conj/Fire      100%       2x1d9     1%          1
f - Dispel Undead         Necr           56%        3d20      2%          4
g - Swiftness             Air            36%        N/A       3%          3
h - Orb of Destruction    Conj           38%        9d11      4%          7
i - Iskenderun's Battles  Conj           77%        2d13      1%          5
j - Bombard               Conj/Erth      31%        9d6       5%          6

Your spell library contained the following spells:

 Spells                   Type           Power      Damage    Failure   Level
 Yara's Violent Unravell  Hex/Tmut       14%        3d7       14%         5
 Apportation              Tloc           70%        N/A       1%          1
 Kiss of Death            Conj/Necr      100%       2d13      1%          1
 Necrotise                Necr           100%       1d9       1%          1
 Slow                     Hex            100%       N/A       1%          1
 Sting                    Tmut/Pois      100%       1d8       1%          1
 Summon Small Mammal      Summ           100%       N/A       1%          1
 Cigotuvi's Dreadful Rot  Necr/Pois/Air  88%        N/A       1%          2
 Lesser Beckoning         Tloc           70%        N/A       1%          2
 Momentum Strike          Conj/Tloc      100%       3d10      1%          2
 Passwall                 Tmut/Erth      28%        N/A       1%          2
 Poisonous Vapours        Pois/Air       72%        N/A       1%          2
 Vampiric Draining        Necr           56%        2d10      1%          3
 Ensorcelled Hibernation  Hex/Ice        56%        N/A       3%          2
 Olgreb's Toxic Radiance  Pois           37%        N/A       3%          4
 Summon Guardian Golem    Hex/Summ       31%        N/A       4%          3
 Confusing Touch          Hex            28%        N/A       6%          3
 Sigil of Binding         Hex            28%        N/A       6%          3
 Agony                    Necr           56%        N/A       7%          5
 Manifold Assault         Tloc           35%        N/A       12%         4
 Spellforged Servitor     Conj/Summ      30%        N/A       32%         7
 Dispersal                Tloc           17%        N/A       88%         6
 Disjunction              Tloc           17%        N/A       100%        8


Dungeon Overview and Level Annotations

Branches:
Dungeon (14/15)            Temple (1/1) D:5            Lair (0/5) D:9
    Orc (0/2) D:10        Gauntlet (visited)
 Vaults: D:13-14

Altars:
Ashenzari
Cheibriados
Dithmenos
Elyvilon
Fedhas
Gozag
Hepliaklqana
Kikubaaqudgha
Makhleb
Nemelex Xobeh
Okawaru
Qazlal
Ru
Sif Muna
Trog
Uskayaw
Vehumet
Wu Jian
Xom
Yredelemnul
Zin
The Shining One

Shops:
D:9 *

Annotations:
D:14 Agnes


Message History

Agnes is severely wounded.
Your battlesphere fires!
The barrage of energy hits Agnes!
Agnes is severely wounded.
Your battlesphere expends the last of its energy and dissipates.
Casting: Bombard (dangerous; 5% risk of failure)
Confirm with . or Enter, or press ? or * to list all spells.
Aiming: Bombard (dangerous; 5% risk of failure)
Press: ? - help, Shift-Dir - straight line, f/p - Agnes
Aim: Agnes, wielding a +2 lajatang of speed and wearing a +0 robe (severely wounded, confused, 74% to hit)
The iron shot hits Agnes!!
Agnes is almost dead.
Unknown command.
Casting: Bombard (dangerous; 5% risk of failure)
Confirm with . or Enter, or press ? or * to list all spells.
Aiming: Bombard (dangerous; 5% risk of failure)
Press: ? - help, Shift-Dir - straight line, f/p - Agnes
Aim: Agnes, wielding a +2 lajatang of speed and wearing a +0 robe (almost dead, confused, 74% to hit)
The iron shot misses Agnes.
Unknown command.
Casting: Bombard (dangerous; 5% risk of failure)
Confirm with . or Enter, or press ? or * to list all spells.
You don't have enough magic to cast this spell.
Unknown command.
Unknown command.
You see here a +0 shortbow.
Found a stone staircase leading down.
Agnes hits you with a +2 lajatang of speed!
There is an open door, spattered with blood here.
Agnes screams, "NO!
I can't bear this much noise."
Agnes closely misses you.
You close the door.
Agnes hits you with a +2 lajatang of speed!!
You closely miss Agnes.
Agnes is almost dead.
Agnes completely misses you.
Agnes hits you with a +2 lajatang of speed!!
* * * LOW HITPOINT WARNING * * *
Agnes hits you with a +2 lajatang of speed!!
You die...

#>........ ####'#####
#..# ##.##### ####+####
#.....<# ........#
###......## ......>.#
####........#.
........###.y..#......#.
......i@##..####........
.....>..+)y## #......##
........#### #......#
.^......# #......#
###+##### ###.#### #.#
.. ..


You could see Agnes (confused).

Vanquished Creatures
  A minotaur (Gauntlet)
  Snorg (D:11)
  A hydra (D:13)
  2 centaur warriors (D:14)
  A boulder beetle (D:14)
  4 two-headed ogres
  A tengu warrior (D:12)
  Amaemon (D:10)
  A sixfirhy (Gauntlet)
  2 ugly things
  5 cyclopes
  A moth of wrath (Gauntlet)
  3 manticores
  An elephant (D:9)
  An orange demon (D:10)
  Maggie (D:7)
  Jeremiah (D:7)
  A kobold demonologist (D:10)
  A tengu conjurer (D:12)
  A komodo dragon (D:12)
  A hornet (D:10)
  Grinder (D:4)
  The ghost of lunkers the Insei, an amateur MeSh (D:4)
  5 trolls
  A raiju (shapeshifter) (D:13)
  3 slime creatures (D:12)
  Sigmund (D:5)
  6 shadows
  2 wraiths (D:9)
  3 wyverns
  13 yaks
  A vampire (D:10)
  Eustachio (D:4)
  10 vampire mosquitoes (D:13)
  Grum (D:8)
  An acid dragon (D:9)
  2 water moccasins
  An ice beast (D:7)
  9 orc warriors
  3 black bears
  4 ogres
  5 boggarts (D:14)
  9 wolves
  7 centaurs
  A phantom (D:5)
  4 kobold brigands
  3 bullfrogs
  Blork the orc (D:5)
  A gnoll sergeant (D:8)
  7 scorpions
  12 wights
  18 killer bees
  6 howler monkeys
  A centaur zombie (D:4)
  A hound (D:5)
  Crazy Yiuf (D:7)
  A centaur skeleton (D:4)
  A jelly (D:6)
  8 orc priests
  2 sleepcaps (D:5)
  5 iguanas (D:5)
  Terence (D:2)
  11 orc wizards
  A killer bee zombie (D:4)
  5 gnolls
  4 adders
  A shadow imp (D:6)
  A white imp (D:7)
  3 ufetubi (Gauntlet)
  2 worms (D:2)
  57 orcs
  5 bats
  7 endoplasms
  A giant cockroach (D:1)
  13 goblins
  10 hobgoblins
  4 jackals (D:4)
  22 kobolds
  2 quokkas
  8 ball pythons
  A frilled lizard (D:3)
  6 rats
  A foxfire (D:13)
361 creatures vanquished.

Vanquished Creatures (collateral kills)
  A yak (D:8)
  3 foxfires (D:9)
4 creatures vanquished.

Vanquished Creatures (others)
  914 foxfires
914 creatures vanquished.

Grand Total: 1279 creatures vanquished

Notes
Turn   | Place    | Note
-------+----------+-------------------------------------------
     0 | D:1      | pokeman the Deep Elf Hedge Wizard began the quest for the
                  | Orb.
     0 | D:1      | Reached XP level 1. HP: 10/10 MP: 7/7
   318 | D:1      | Reached XP level 2. HP: 14/16 MP: 3/9
   846 | D:1      | Reached skill level 5 in Spellcasting
  1105 | D:2      | Noticed Terence
  1110 | D:2      | Identified the +5 short sword "Naduaces" {venom, Dex+3}
  1159 | D:2      | Reached XP level 3. HP: 20/20 MP: 9/11
  1163 | D:2      | Learned a level 3 spell: Mephitic Cloud
  1166 | D:2      | Learned a level 2 spell: Call Imp
  1169 | D:2      | Learned a level 2 spell: Blink
  1432 | D:2      | Killed Terence
  1433 | D:2      | Reached skill level 1 in Fighting
  1433 | D:2      | Reached skill level 1 in Armour
  1541 | D:2      | Reached XP level 4. HP: 18/25 MP: 9/13
  1684 | D:2      | Learned a level 4 spell: Dispel Undead
  1791 | D:2      | Found a faded altar of an unknown god.
  2477 | D:3      | Reached skill level 6 in Spellcasting
  2600 | D:3      | Reached XP level 5. HP: 29/29 MP: 8/15
  3154 | D:4      | Found a transporter.
  3160 | D:4      | Noticed lunkers's ghost (amateur MeSh)
  3202 | D:4      | Noticed Eustachio
  3202 | D:4      | Noticed Grinder
  3237 | D:4      | Killed Eustachio
  3238 | D:4      | Reached skill level 1 in Poison Magic
  3238 | D:4      | Reached XP level 6. HP: 31/34 MP: 13/17
  3373 | D:4      | Paralysed by Grinder for 4 turns
  3425 | D:4      | Found a glowing golden altar of the Shining One.
  3507 | D:4      | Found a transporter.
  3709 | D:5      | Entered Level 5 of the Dungeon
  3867 | D:5      | Found a staircase to the Ecumenical Temple.
  3890 | D:5      | Reached skill level 7 in Spellcasting
  3902 | D:5      | Reached skill level 1 in Necromancy
  3913 | D:5      | Reached skill level 1 in Air Magic
  3922 | Temple   | Entered the Ecumenical Temple
  3933 | Temple   | Became a worshipper of Vehumet
  4103 | D:5      | Reached XP level 7. HP: 4/38 MP: 15/20
  4493 | D:5      | Noticed Blork the orc
  4527 | D:5      | Killed Blork the orc
  4528 | D:5      | Reached skill level 8 in Spellcasting
  4581 | D:5      | Reached XP level 8. HP: 40/44 MP: 3/22
  4582 | D:5      | Noticed Sigmund
  4586 | D:5      | Reached skill level 9 in Spellcasting
  4665 | D:5      | Killed Sigmund
  4666 | D:5      | Reached skill level 5 in Conjurations
  4973 | D:5      | Reached skill level 10 in Spellcasting
  5515 | D:6      | Reached skill level 5 in Necromancy
  5645 | D:6      | Reached * piety under Vehumet
  5645 | D:6      | Offered knowledge of Foxfire by Vehumet.
  5648 | D:6      | Learned a level 1 spell: Foxfire
  5685 | D:6      | Reached XP level 9. HP: 48/48 MP: 19/25
  5818 | D:6      | Reached skill level 1 in Fire Magic
  5818 | D:6      | Reached skill level 1 in Evocations
  6165 | D:4      | Killed Grinder
  6166 | D:4      | Reached skill level 11 in Spellcasting
  6207 | D:4      | Killed lunkers's ghost
  6638 | D:7      | Found a sparkling altar of Nemelex Xobeh.
  6710 | D:7      | Noticed Maggie
  6713 | D:7      | Noticed Jeremiah
  6721 | D:7      | Killed Maggie
  6722 | D:7      | Reached skill level 12 in Spellcasting
  6900 | D:7      | Killed Jeremiah
  6901 | D:7      | Reached XP level 10. HP: 54/54 MP: 12/28
  7301 | D:7      | Found a runed translucent door.
  7302 | D:7      | Noticed Crazy Yiuf
  7309 | D:7      | Killed Crazy Yiuf
  7407 | D:7      | Reached ** piety under Vehumet
  7447 | D:7      | Offered knowledge of Sandblast by Vehumet.
  7624 | D:7      | Reached skill level 13 in Spellcasting
  7811 | D:8      | Noticed Grum
  7855 | D:8      | Killed Grum
  7956 | D:8      | Reached skill level 5 in Fire Magic
  8046 | D:8      | Offered knowledge of Hailstorm by Vehumet.
  8821 | D:9      | Reached skill level 14 in Spellcasting
  8824 | D:9      | Reached *** piety under Vehumet
  8977 | D:9      | Found a staircase to the Lair.
  8977 | D:9      | Noticed an elephant
  8992 | D:9      | Killed an elephant
  9069 | D:9      | Learned a level 3 spell: Swiftness
  9243 | D:9      | Noticed a two-headed ogre
  9251 | D:9      | Killed a two-headed ogre
  9252 | D:9      | Reached XP level 11. HP: 61/61 MP: 29/31
  9427 | D:9      | Found a stormy altar of Qazlal.
  9552 | D:9      | Found Bewil's General Store.
  9567 | D:9      | Bought a potion of curing for 36 gold pieces
  9615 | D:9      | Learned a level 7 spell: Orb of Destruction
  9629 | D:10     | Entered Level 10 of the Dungeon
  9705 | D:10     | Found a staircase to the Orcish Mines.
  9710 | D:10     | Offered knowledge of Volatile Blastmotes by Vehumet.
  9845 | D:10     | Reached skill level 15 in Spellcasting
 10088 | D:10     | Noticed Amaemon
 10106 | D:10     | Reached **** piety under Vehumet
 10117 | D:10     | Killed Amaemon
 10384 | D:10     | Offered knowledge of Yara's Violent Unravelling by Vehumet.
 10413 | D:10     | Noticed a two-headed ogre
 10422 | D:10     | Killed a two-headed ogre
 10423 | D:10     | Reached skill level 5 in Fighting
 10622 | D:10     | Noticed a two-headed ogre
 10633 | D:10     | Killed a two-headed ogre
 10900 | D:11     | Reached skill level 16 in Spellcasting
 11102 | D:11     | Noticed Snorg
 11111 | D:11     | Killed Snorg
 11378 | D:11     | Reached XP level 12. HP: 53/68 MP: 32/34
 11986 | D:12     | Reached skill level 5 in Armour
 12264 | D:12     | Reached skill level 10 in Conjurations
 12338 | D:12     | Noticed a tengu warrior
 12354 | D:12     | Killed a tengu warrior
 12361 | D:12     | Reached skill level 17 in Spellcasting
 12852 | D:12     | Learned a level 5 spell: Iskenderun's Battlesphere
 12859 | D:12     | Learned a level 6 spell: Bombard
 12860 | D:13     | Noticed a six-headed hydra
 12944 | D:13     | Killed a six-headed hydra
 12945 | D:13     | Reached skill level 1 in Shields
 12985 | D:13     | Found a gate leading to a gauntlet.
 12995 | D:13     | Reached skill level 1 in Earth Magic
 12999 | Gauntlet | Entered a Gauntlet
 12999 | Gauntlet | Found a transporter.
 13006 | Gauntlet | Found a transporter.
 13007 | Gauntlet | Found a transporter.
 13011 | Gauntlet | Found a transporter.
 13017 | Gauntlet | Found a transporter.
 13021 | Gauntlet | Found a transporter.
 13026 | Gauntlet | Found a transporter.
 13032 | Gauntlet | Found a transporter.
 13036 | Gauntlet | Found a transporter.
 13041 | Gauntlet | Found a transporter.
 13047 | Gauntlet | Found a transporter.
 13051 | Gauntlet | Found a transporter.
 13056 | Gauntlet | Found a transporter.
 13062 | Gauntlet | Found a transporter.
 13363 | Gauntlet | Noticed a minotaur
 13372 | Gauntlet | Killed a minotaur
 13590 | D:13     | Noticed a two-headed ogre
 13595 | D:13     | Killed a two-headed ogre
 13625 | D:13     | Reached skill level 18 in Spellcasting
 13648 | D:13     | Identified the +2 mace "Fiyllis" {pain, rPois rCorr}
 14759 | D:14     | Noticed a boulder beetle
 14786 | D:14     | Killed a boulder beetle
 14872 | D:14     | Noticed a centaur warrior
 14883 | D:14     | Killed a centaur warrior
 14884 | D:14     | Reached XP level 13. HP: 72/72 MP: 29/37
 15060 | D:14     | Reached ***** piety under Vehumet
 15199 | D:14     | Noticed Agnes
 15213 | D:14     | Slain by Agnes

Illustrated notes

Levels and vault maps discovered:
D:1:      co_arrival_hexagon_in_a_hexagon, layout_basic,
          minmay_misc_feat_columns, minmay_misc_feat_tiny
D:2:      layout_rooms, dilly_ecumenical_altar_fadedgnrine, minmay_hedge_maze,
          corexii_shack, uniq_terence
D:3:      kennysheep_the_goblin_king, layout_loops_ring
D:4:      layout_basic, mainiacjoe_overflow_catwalk, gammafunk_ghost_mausoleum,
          serial_curves, eino_curves_04, eino_curves_03,
          nicolae_twisty_statue_hallways, uniq_eustachio, uniq_grinder
D:5:      cheibrodos_fzero, layout_loops_ring, temple_fountains, uniq_sigmund,
          uniq_blork_the_orc
D:6:      layout_basic
D:7:      layout_rooms, lemuel_crystal_altar, nicolae_kite_square_tiling_tiny,
          uniq_jeremiah, uniq_crazy_yiuf_cottage, uniq_maggie
D:8:      layout_basic, uniq_grum
D:9:      layout_roguey, lemuel_tele_altar, grunt_lair_entry_orc_guard_hut,
          serial_shops, shop
D:10:     layout_loops_ring, david_orc_5, uniq_amaemon
D:11:     layout_irregular_city, hangedman_decor_peaks_small, uniq_snorg
D:12:     layout_irregular_city
D:13:     layout_cave_pods, gauntlet_entry_generic
D:14:     layout_roguey, lightli_vaults_fourway_checkpoint, uniq_agnes
Temple:   nicolae_temple_bog_church

Skill      XL: |  1  2  3  4  5  6  7  8  9 10 11 12 13 |
---------------+----------------------------------------+-----
Spellcasting   | 5 6 7 8 10 12 14 16 18 | 18.4
Fighting       | 1 2 4 5 |  5.0
Armour         | 1 2 4 5 |  5.2
Conjurations   | 2 3 4 5 7 8 9 10 11 | 11.0
Stealth        | 3 |  3.0
Dodging        | 3 4 |  4.0
Poison Magic   | 1 |  1.3
Necromancy     | 1 3 5 |  5.0
Air Magic      | 1 |  1.2
Fire Magic     | 3 5 7 9 |  9.4
Evocations     | 1 |  1.0
Shields        | 3 |  3.2
Earth Magic    | 2 |  2.0
Summonings     | |  1.1
Translocations | |  1.1

Action                     |  1- 3 |  4- 6 |  7- 9 | 10-12 | 13-15 || total
---------------------------+-------+-------+-------+-------+-------++-------
  Melee: Short sword       |     7 |    50 |    89 |   232 |     1 ||   379
         Punch             |       |       |     1 |     5 |       ||     6
   Cast: Magic Dart        |    85 |   107 |    47 |    61 |     2 ||   302
         Mephitic Cloud    |     1 |     6 |    23 |    59 |     5 ||    94
         Call Imp          |       |     4 |     2 |     1 |       ||     7
         Blink             |       |       |     2 |     6 |       ||     8
         Foxfire           |       |       |    83 |   420 |     3 ||   506
         Dispel Undead     |       |       |    10 |    14 |       ||    24
         Orb of Destructio |       |       |       |     4 |       ||     4
         Iskenderun's Batt |       |       |       |    12 |     1 ||    13
         Bombard           |       |       |       |     2 |    11 ||    13
         Swiftness         |       |       |       |     1 |       ||     1
    Use: Scroll            |       |       |       |    19 |       ||    19
   Stab: Confused          |       |     3 |    15 |    29 |       ||    47
         Sleeping          |       |       |       |     1 |       ||     1
 Armour: Robe              |     6 |    38 |    37 |    35 |       ||   116
         Leather armour    |       |       |       |   169 |     4 ||   173
  Dodge: Dodged            |     9 |    33 |   109 |   294 |     4 ||   449

Table legend: (Time is in decaauts)
 A = Elapsed time spent in this place.
 B = Non-inter-level travel time spent in this place.
 C = Inter-level travel time spent in this place.
 D = Time resting spent in this place.
 E = Time spent auto-exploring this place.
 F = Levels seen in this place.
 G = Mean time per level.
                   A        B        C        D        E       F      G
               +--------+--------+--------+--------+--------+-----+--------+
         Total |  15222 |  14190 |   1032 |    400 |  10715 |  16 |  951.4 |
       Dungeon |  14700 |  13681 |   1019 |    400 |  10567 |  14 | 1050.0 |
        Temple |     61 |     49 |     12 |      0 |      0 |   1 |   61.0 |
      Gauntlet |    460 |    460 |      0 |      0 |    148 |   1 |  460.0 |
               +--------+--------+--------+--------+--------+-----+--------+

Top non-repeatable levels by time:
     D:5: 1350 daAuts
    D:10: 1231 daAuts
     D:8: 1225 daAuts
    D:13: 1169 daAuts
     D:7: 1144 daAuts
     D:3: 1134 daAuts
    D:12: 1130 daAuts
     D:1: 1120 daAuts
     D:4: 1089 daAuts
    D:11: 1081 daAuts
     D:6: 968 daAuts
     D:9: 883 daAuts
     D:2: 822 daAuts
Gauntlet: 460 daAuts
    D:14: 346 daAuts
